 Dungeon Crawl Stone Soup version 0.19.5 (webtiles) character file.

592 WellDressedCM the Poker (level 7, -2/60 HPs)
             Began as a Grey Draconian Berserker on Mar 28, 2017.
             Was a Believer of Trog.
             Killed from afar by an orc wizard (5 damage)
             ... with a magic dart
             ... on level 4 of the Dungeon.
             The game lasted 00:22:32 (3118 turns).

WellDressedCM the Poker (Grey Draconian Berserker)  Turns: 3118, Time: 00:22:32

Health: -2/60      AC: 12    Str: 18 (21) XL:     7   Next: 16%
Magic:  7/7        EV: 13    Int:  7      God:    Trog [**....]
Gold:   174        SH:  0    Dex: 11      Spells: 0 memorised, 6 levels left

rFire  + . .     SeeInvis .     m - +1 scythe
rCold  . . .     Gourm    .     (armour unavailable)
rNeg   . . .     Faith    .     (shield currently unavailable)
rPois  .         Spirit   .     (helmet restricted)
rElec  .         Reflect  .     (no cloak)
rCorr  .         Harm     .     (no gloves)
MR     .....                    e - +0 pair of boots
Stlth  ++........               t - amulet of rage
                                (no ring)
                                (no ring)

@: lethally poisoned (-2 -> -20)
A: walk through water, unfitting armour, antennae 1, big wings, fire resistance
1, sense surroundings 1, unbreathing, cold-blooded, AC +11
a: Fly, Berserk, Trog's Hand, Burn Spellbooks, Renounce Religion, Evoke Berserk
Rage


You were on level 4 of the Dungeon.
You worshipped Trog.
Trog was pleased with you.
You were not hungry.

You visited 1 branch of the dungeon, and saw 4 of its levels.

You collected 174 gold pieces.

Inventory:

Hand Weapons
 a - a +0 spear
 j - a +0 hunting sling
 m - a +1 scythe (weapon)
 q - a +2 quarterstaff of chaos
Missiles
 c - 23 arrows
 d - 11 sling bullets
 g - 63 stones (quivered)
 i - 8 javelins
Armour
 e - a +0 pair of boots (worn)
Jewellery
 f - an uncursed amulet of magic regeneration
 t - an amulet of rage (around neck)
Wands
 s - a wand of flame (35/48)
Scrolls
 h - 4 scrolls of remove curse
 p - 3 scrolls of identify
 u - 2 scrolls of teleportation
Potions
 k - 2 potions of invisibility
 l - a potion of agility
Comestibles
 b - a bread ration
 r - a beef jerky


   Skills:
 + Level 4.8 Fighting
 + Level 6.2 Polearms
 + Level 4.3 Dodging
 + Level 1.5 Stealth


You had 6 spell levels left.
You didn't know any spells.

Dungeon Overview and Level Annotations

Branches:
Dungeon (4/15)
 Temple: D:4-7

Altars:
Gozag
Hepliaklqana
Okawaru


Innate Abilities, Weirdness & Mutations

You can walk through water.
Your dull iron-grey scales are very hard. (AC +11)
You cannot fit into any form of body armour.
You can survive without breathing.
You are cold-blooded and may be slowed by cold attacks.
You have a pair of small antennae on your head.
Your large and strong wings let you fly indefinitely.
Your flesh is heat resistant. (rF+)
You passively map a small area around you.


Message History

The magic dart hits you!
* * * LOW HITPOINT WARNING * * *
* * * LOW HITPOINT WARNING * * *
You feel very sick.
* * * LOW HITPOINT WARNING * * *
You feel very sick.
* * * LOW HITPOINT WARNING * * *
You feel sick.
You hear some strange, mumbled words.
* * * LOW HITPOINT WARNING * * *
You feel sick.
* * * LOW HITPOINT WARNING * * *
You feel very sick.
* * * LOW HITPOINT WARNING * * *
You feel sick.
* * * LOW HITPOINT WARNING * * *
You feel sick.
A magic dart appears from out of thin air!
The magic dart hits you!
You die...

.._ , .# ... ,..#
. oo *..#
..##.##.. ..o....
...(,
######o###########
#..$.)oo)oSo..{..#
#.###...########@#
#.....#......#.#
#.....#.####.#.#
#####...#...<#.#.#
........#....#.#.#
####....##...#.#.#
, #...........#.#
#.###########.# #.
, , ,


You could see an adder and 2 orcs.

Vanquished Creatures
  Sigmund (D:2)
  The ghost of Amon001 the Sneak, an amateur SpEn (D:3)
  A sky beast (D:3)
  Crazy Yiuf (D:2)
  An orc wizard (D:4)
  Natasha (thrice) (D:2)
  A worker ant (D:4)
  5 adders
  An ooze (D:1)
  A worm (D:3)
  A dart slug (D:2)
  A leopard gecko (D:3)
  An orc (D:4)
  2 ball pythons (D:3)
  4 giant cockroaches
  6 goblins
  2 hobgoblins (D:1)
  14 jackals
  2 quokkas
  4 bats (D:1)
  3 frilled lizards
  8 kobolds
  4 rats
68 creatures vanquished.

Notes
Turn   | Place    | Note
-------+----------+-------------------------------------------
     0 | D:1      | WellDressedCM the Draconian Berserker began the quest for the Orb.
     0 | D:1      | Reached XP level 1. HP: 19/19 MP: 1/1
   172 | D:1      | Reached XP level 2. HP: 26/26 MP: 2/2
   787 | D:2      | Found a faded altar of an unknown god.
   818 | D:2      | Reached XP level 3. HP: 28/33 MP: 3/3
   848 | D:2      | Noticed Natasha
   866 | D:2      | Killed Natasha
  1130 | D:2      | Reached skill level 4 in Polearms
  1221 | D:2      | Reached ** piety under Trog
  1221 | D:2      | Reached XP level 4. HP: 40/40 MP: 4/4
  1322 | D:2      | Found a hazy altar of Hepliaklqana.
  1343 | D:2      | Noticed Sigmund
  1355 | D:2      | Killed Sigmund
  1355 | D:2      | Reached skill level 5 in Polearms
  1355 | D:2      | Reached skill level 1 in Stealth
  1355 | D:2      | Reached XP level 5. HP: 46/46 MP: 5/5
  1491 | D:2      | Noticed Natasha
  1514 | D:2      | Killed Natasha
  1514 | D:2      | Reached XP level 6. HP: 14/53 MP: 6/6
  1883 | D:2      | Noticed Natasha
  1889 | D:2      | Killed Natasha
  1929 | D:2      | Found a runed door.
  1933 | D:2      | Noticed Crazy Yiuf
  1940 | D:2      | Killed Crazy Yiuf
  2585 | D:3      | Found an opulent altar of Gozag.
  2661 | D:3      | Noticed Amon001's ghost (amateur SpEn)
  2714 | D:3      | Killed Amon001's ghost
  2714 | D:3      | Reached skill level 6 in Polearms
  2846 | D:3      | Noticed a sky beast
  2857 | D:3      | Killed a sky beast
  2857 | D:3      | Your scales start taking on a dull iron-grey colour.
  2857 | D:3      | Reached XP level 7. HP: 23/60 MP: 7/7
  2857 | D:3      | Gained mutation: You can survive without breathing. [Grey Draconian growth]
  2862 | D:3      | Gained mutation: Your flesh is heat resistant. (rF+) [mutagenic meat]
  2907 | D:3      | Gained mutation: You have a pair of small antennae on your head. [mutagenic meat]
  2908 | D:3      | Gained mutation: You passively map a small area around you. [mutagenic meat]
  2909 | D:3      | Gained mutation: Your large and strong wings let you fly indefinitely. [mutagenic meat]
  3090 | D:4      | Found an iron altar of Okawaru.
  3118 | D:4      | HP: 3/60 [poisoned by an orc wizard]
  3118 | D:4      | Killed from afar by an orc wizard

Skill      XL: |  1  2  3  4  5  6 |
---------------+-------------------+-----
Dodging        | 3 4 |  4.3
Polearms       | 4 5 6 |  6.2
Fighting       | 4 |  4.8
Stealth        | 1 |  1.5

Action                   |  1- 3 |  4- 6 |  7- 9 || total
-------------------------+-------+-------+-------++-------
Melee: Spear             |   104 |    42 |       ||   146
       Tailslap          |     8 |    12 |     4 ||    24
       Scythe            |       |   157 |    33 ||   190
Throw: Stone             |     8 |     1 |       ||     9
Invok: Berserk           |       |     2 |       ||     2
       Burn Spellbooks   |       |     1 |       ||     1
Evoke: Wand              |       |     2 |       ||     2
  Use: Scroll            |     4 |     3 |       ||     7
       Potion            |     3 |     4 |       ||     7
 Stab: Sleeping          |       |     2 |       ||     2
       Distracted        |       |     1 |       ||     1
  Eat: Chunk             |     1 |     3 |     6 ||    10
       Bread ration      |       |     1 |     1 ||     2
Armor: Skin              |    23 |    86 |    25 ||   134
Dodge: Dodged            |    58 |   167 |    27 ||   252
